 Dungeon Crawl Stone Soup version 0.29.1-15-g9cfb28693d (webtiles) character file.

Game seed: 1302273875922097425

159 dobroeutro the Cudgeller (level 5, 0/32 HPs)
             Began as a Gargoyle Fighter on Apr 22, 2023.
             Slain by an ogre
             ... wielding a +0 giant club
              (16 damage)
             ... on level 4 of the Dungeon.
             The game lasted 00:04:26 (3490 turns).

dobroeutro the Cudgeller (Gargoyle Fighter)         Turns: 3490, Time: 00:04:26

Health: 0/32       AC: 14    Str: 21    XL:     5   Next: 40%
Magic:  5/5        EV:  9    Int:  9    God:
Gold:   165        SH:  4    Dex:  9    Spells: 4/4 levels left

rFire   . . .      SeeInvis .   p - +2 mace (venom)
rCold   . . .      Faith    .   c - +0 buckler
rNeg    + . .      Spirit   .   b - +0 scale mail
rPois   ∞          Reflect  .   (no helmet)
rElec   +          Harm     .   i - +2 cloak
rCorr   .          Rampage  .   (no gloves)
Will    .....                   (no boots)
Stlth   ..........              e - amulet of the acrobat
HPRegen 0.10/turn               (no ring)
MPRegen 0.09/turn               (no ring)

@: no status effects
A: sickness immunity, AC +4, negative energy resistance 1, electricity
resistance, torment resistance 1, petrification resistance
a: no special abilities


You were on level 4 of the Dungeon.
You visited 1 branch of the dungeon, and saw 4 of its levels.

You collected 165 gold pieces.

Inventory:

Hand Weapons
 a - a +0 flail
 p - a +2 mace of venom (weapon)
Armour
 b - a +0 scale mail (worn)
 c - a +0 buckler (worn)
 i - a +2 cloak (worn)
Jewellery
 e - an amulet of the acrobat (around neck)
Scrolls
 f - a scroll of identify {unknown}
 j - a scroll of noise {unknown}
 k - a scroll of immolation {unknown}
 l - 2 scrolls of acquirement {unknown}
 n - a scroll of magic mapping {unknown}
 o - a scroll of enchant armour {unknown}
 q - a scroll of teleportation {unknown}
Potions
 d - 2 potions of might
 g - a potion of curing
 h - a potion of haste {unknown}
 m - 2 potions of flight {unknown}


   Skills:
 - Level 3.2 Fighting
 + Level 4.9 Maces & Flails
 - Level 3.2 Armour
 + Level 1.5 Dodging
 + Level 0.2 Stealth
 - Level 3.2 Shields


You had 4 spell levels left.
You didn't know any spells.
Your spell library contained the following spells:

 Spells                   Type           Power      Damage    Failure   Level
 Beastly Appendage        Tmut           0%         N/A       82%         1
 Wereblood                Tmut           0%         N/A       91%         2
 Spider Form              Tmut/Pois      0%         N/A       99%         3


Dungeon Overview and Level Annotations

Branches:
Dungeon (4/15)
 Temple: D:4-7

Altars:

Annotations:
D:3 3 runed translucent doors, enotiy's ghost, amateur GrFi


Innate Abilities, Weirdness & Mutations

You are immune to sickness and miasma.
Your stone body is resilient. (AC +4)
You are immune to poison.
You resist negative energy. (rN+)
You are resistant to electric shocks. (rElec)
You are resistant to unholy torment.
You are immune to petrification.


Message History

No target in view!
No target in view!
Things that are here:
a +2 mace of venom; a +0 leather armour
p - a +2 mace of venom Your +2 mace of venom begins to drip with poison!
p - a +2 mace of venom (weapon)
Found a stone staircase leading down.
q - a scroll labelled ABIWYJ URONN A giant cockroach comes into view.
Found a ring mail.
The giant cockroach moves out of view.
A goblin comes into view. It is wielding a +0 club.
The goblin shouts!
The giant cockroach barely misses you.
An ogre comes into view. It is wielding a +0 giant club.
The giant cockroach completely misses you.
The goblin moves out of view.
The ogre shouts!
You hit the giant cockroach.
The giant cockroach is severely wounded.
You block the giant cockroach's attack.
You hit the giant cockroach.
You kill the giant cockroach!
You sock the goblin!
You kill the goblin!
The ogre completely misses you.
You sock the ogre!
The ogre is heavily wounded.
You barely miss the ogre.
The ogre is heavily wounded.
The ogre hits you with a +0 giant club!
Ouch! That really hurt!
You are too injured to fight recklessly!
You are too injured to fight recklessly!
You are too injured to fight recklessly!
You hit the ogre.
The ogre is heavily wounded.
The ogre hits you with a +0 giant club!
Ouch! That really hurt!
You die...

....... ...#...#####
...#.......## ##
#...##..!..##.#####
#....##.....#...... .
......#.........~.. ..
#.............. ..##.
##..#.[....~... .....
###.##..@.#... .....
##...##..)O# ##
#..###.#...#.......
#......#...#.........
.##......#...#..#......#
.......###...#..#...####
.......# #...#.....##
.......###...#....##
.......#.#...#


You could see an ogre.

Vanquished Creatures
  Terence (D:2)
  An orc wizard (D:3)
  2 adders
  A worm (D:3)
  2 dart slugs
  6 orcs
  7 endoplasms
  4 giant cockroaches
  4 hobgoblins (D:2)
  7 jackals
  2 quokkas (D:1)
  10 ball pythons
  3 bats
  2 frilled lizards
  11 goblins
  3 kobolds
  6 rats
72 creatures vanquished.

Notes
Turn   | Place    | Note
-------+----------+-------------------------------------------
     0 | D:1      | dobroeutro the Gargoyle Fighter began the quest for the
                  | Orb.
     0 | D:1      | Reached XP level 1. HP: 14/14 MP: 1/1
   271 | D:1      | Found a faded altar of an unknown god.
   278 | D:1      | Reached XP level 2. HP: 19/19 MP: 2/2
   467 | D:1      | Reached skill level 3 in Maces & Flails
   839 | D:1      | Reached XP level 3. HP: 20/23 MP: 3/3
  1679 | D:2      | Noticed Terence
  1686 | D:2      | Killed Terence
  1687 | D:2      | Reached skill level 4 in Maces & Flails
  1687 | D:2      | Reached XP level 4. HP: 22/28 MP: 4/4
  2263 | D:3      | Reached skill level 1 in Dodging
  2748 | D:3      | Found a runed translucent gate.
  2748 | D:3      | Found a runed translucent gate.
  2748 | D:3      | Found a runed translucent gate.
  2752 | D:3      | Noticed enotiy's ghost (amateur GrFi)
  2823 | D:3      | Reached XP level 5. HP: 11/32 MP: 5/5
  3482 | D:4      | Noticed an ogre
  3490 | D:4      | Slain by an ogre

Illustrated notes

Levels and vault maps discovered:
D:1:      heliophobic_arrival_ceremonial_halls, layout_basic,
          shapermc_ecumenical_altar_gd
D:2:      layout_loops_cross, uniq_terence
D:3:      layout_basic, gammafunk_ghost_split, grunt_decor_mini_mirrors
D:4:      layout_cave_pools, lemuel_blue_sif_altar, serial_rivers,
          chequers_serial_rivers_micro_e, chequers_serial_rivers_micro_c,
          chequers_serial_rivers_room_a, chequers_serial_rivers_micro_a,
          chequers_serial_rivers_small_a, moated_statue, uniq_menkaure

Skill      XL: |  1  2  3  4 |
---------------+-------------+-----
Maces & Flails | 3 4 |  4.9
Dodging        | 1 |  1.5
Fighting       | |  3.2
Armour         | |  3.2
Stealth        | |  0.2
Shields        | |  3.2

Action                   |  1- 3 |  4- 6 || total
-------------------------+-------+-------++-------
Melee: Flail             |   122 |   130 ||   252
       Mace              |       |     6 ||     6
  Use: Potion            |       |     1 ||     1
Armor: Scale mail        |    68 |    89 ||   157
Dodge: Dodged            |    56 |    88 ||   144
Block: Buckler           |    23 |    17 ||    40
